 Dungeon Crawl Stone Soup version 0.28.0-45-g0d030f2227 (webtiles) character file.

Game seed: 47198560390462259

124 issech the Cudgeller (level 4, -1/45 HPs)
             Began as a Troll Monk on Apr 16, 2022.
             Slain by a gnoll
             ... wielding a +0 whip
              (4 damage)
             ... on level 3 of the Dungeon.
             The game lasted 00:05:46 (1959 turns).

issech the Cudgeller (Troll Monk)                   Turns: 1959, Time: 00:05:47

Health: -1/45      AC:  5    Str: 19    XL:     4   Next: 81%
Magic:  3/3        EV: 10    Int:  6    God:
Gold:   93         SH:  0    Dex: 14    Spells: 3/3 levels left

rFire   . . .      SeeInvis .   k - +1 mace (vorpal)
rCold   . . .      Faith    .   (no shield)
rNeg    . . .      Spirit   .   b - +1 robe
rPois   .          Reflect  .   (helmet restricted)
rElec   .          Harm     .   (no cloak)
rCorr   .          Rampage  .   (gloves unavailable)
Will    .....                   (boots unavailable)
Stlth   ++........              (no amulet)
HPRegen 0.95/turn               (no ring)
MPRegen 0.08/turn               (no ring)

@: no status effects
A: large, unfitting armour, claws 3, regeneration 1, shaggy fur 1, tough skin 1
a: no special abilities


You were on level 3 of the Dungeon.
You visited 1 branch of the dungeon, and saw 3 of its levels.

You collected 93 gold pieces.

Inventory:

Hand Weapons
 a - a +0 mace
 e - a +1 short sword of draining
 k - a +1 vorpal mace (weapon)
Missiles
 d - 6 poisoned darts (quivered)
 f - 25 stones
 h - 13 arrows
 i - 37 sling bullets
Armour
 b - a +1 robe (worn)
Scrolls
 c - a scroll of identify {unknown}
 g - a scroll of magic mapping {unknown}
 l - a scroll of enchant armour
 m - a scroll of enchant weapon {unknown}
 n - a scroll of immolation {unknown}
Potions
 j - a potion of invisibility {unknown}


   Skills:
 + Level 3.0 Fighting
 + Level 4.1 Maces & Flails
 + Level 0.1 Throwing
 + Level 3.0 Dodging
 + Level 1.1 Stealth


You had 3 spell levels left.
You didn't know any spells.
Your spell library contained the following spells:

 Spells                   Type           Power      Damage    Failure   Level
 Blink                    Tloc           0%         N/A       58%         2
 Manifold Assault         Tloc           0%         N/A       100%        5
 Storm Form               Tmut/Air       0%         N/A       100%        7


Dungeon Overview and Level Annotations

Branches:
Dungeon (3/15)

Altars:

Annotations:
D:3 2 transporters, pkoi's ghost, amateur DgAr


Innate Abilities, Weirdness & Mutations

You are too large for most types of armour.
You have claws for hands.
Your natural rate of healing is unusually fast.
You are covered in fur. (AC +1)
You have tough skin. (AC +1)


Message History

l - 2 scrolls labelled JUAM LOODAYPH (gained 1)
As you read the scroll labelled JUAM LOODAYPH, it crumbles to dust.
It is a scroll of enchant armour.
Your +0 robe glows green for a moment.
An adder is nearby!
You hit the adder but do no damage. The adder barely misses you.
The adder bites you but does no damage.
You thump the adder!
You kill the adder!
A gnoll comes into view. It is wielding a +0 spear.
You see here an adder corpse.
A gnoll comes into view. It is wielding a +0 club.
The gnoll shouts!
You hear a shout!
A gnoll comes into view. It is wielding a +0 spear.
A gnoll comes into view. It is wielding a +0 whip.
An endoplasm comes into view.
The gnoll shouts!
The gnoll hits you but does no damage.
The gnoll hits you from afar with a +0 spear.
You closely miss the gnoll. The gnoll closely misses you.
The gnoll hits you with a +0 whip.
The gnoll hits you from afar with a +0 spear. x2
The gnoll hits you with a +0 club. The gnoll hits you with a +0 whip!
The gnoll hits you but does no damage.
You hit the gnoll.
The gnoll is heavily wounded.
The endoplasm freezes you.
You are frozen.
The gnoll hits you with a +0 club.
* * * LOW HITPOINT WARNING * * *
The gnoll barely misses you. The gnoll hits you with a +0 whip.
* * * LOW HITPOINT WARNING * * *
The gnoll barely misses you. The endoplasm misses you.
The gnoll barely misses you. The gnoll hits you with a +0 whip.
* * * LOW HITPOINT WARNING * * *
The gnoll barely misses you.
The gnoll hits you from afar with a +0 spear.
* * * LOW HITPOINT WARNING * * *
The gnoll barely misses you. The gnoll hits you with a +0 whip.
You die...

##### ####### #...
#.....# ####.#######
##.....## ##....#.....
#.#.#.#.###..#....#.#
..........†.....Jg..#
#.#.#.#.#......g.####
.........#####.gg.#
#.#.#.#.### #..@.#
.<........####....#
#.#.#.#.#...........
...........>........#
#.#.#.#.##............
#######.............###
##)##..........
#..............
#..≈≈≈≈≈≈≈


You could see 4 gnolls and an endoplasm.

Vanquished Creatures
  A gnoll (D:1)
  5 adders
  2 dart slugs (D:1)
  An orc (D:3)
  4 ball pythons
  6 bats
  5 endoplasms
  2 giant cockroaches (D:1)
  5 goblins
  5 hobgoblins
  4 jackals (D:2)
  7 kobolds
  4 quokkas
  4 frilled lizards
  7 rats
62 creatures vanquished.

Vanquished Creatures (others)
  A plant (D:3)
1 creature vanquished.

Grand Total: 63 creatures vanquished

Notes
Turn   | Place    | Note
-------+----------+-------------------------------------------
     0 | D:1      | issech the Troll Monk began the quest for the Orb.
     0 | D:1      | Reached XP level 1. HP: 22/22 MP: 0/0
   100 | D:1      | Reached skill level 3 in Maces & Flails
   100 | D:1      | Reached XP level 2. HP: 26/29 MP: 1/1
   280 | D:1      | Reached XP level 3. HP: 32/35 MP: 2/2
  1171 | D:2      | Reached XP level 4. HP: 43/44 MP: 3/3
  1287 | D:2      | Found a faded altar of an unknown god.
  1457 | D:2      | Identified the +0 leather armour "Zunob" {Str+4}
  1826 | D:3      | Reached skill level 4 in Maces & Flails
  1876 | D:3      | Found a transporter.
  1876 | D:3      | Found a transporter.
  1882 | D:3      | Identified the +5 spear "Sisipn" {venom, rN+ Will++ Str-2
                  | SInv}
  1885 | D:3      | Noticed pkoi's ghost (amateur DgAr)
  1958 | D:3      | HP: 2/45 [gnoll/+0 spear (4)]
  1959 | D:3      | Slain by a gnoll

Illustrated notes

Levels and vault maps discovered:
D:1:      giann_forest_graveyard, layout_basic, minmay_misc_feat_plants,
          minmay_tetromino_t4
D:2:      layout_loops_ring, hellmonk_ecumenical_altar_prayer_group,
          corexii_hall_statues_u
D:3:      minmay_spotlight, layout_rooms, gammafunk_ghost_gnarly_gnolls,
          st_stairs_9, minmay_pentangle

Skill      XL: |  1  2  3  4 |
---------------+-------------+-----
Maces & Flails | 3 4 |  4.1
Dodging        | 3 |  3.0
Fighting       | 3 |  3.0
Throwing       | |  0.1
Stealth        | |  1.1

Action                   |  1- 3 |  4- 6 || total
-------------------------+-------+-------++-------
Melee: Mace              |   135 |    82 ||   217
       Punch             |     1 |       ||     1
Throw: Dart              |     9 |       ||     9
  Use: Scroll            |       |     1 ||     1
Armor: Robe              |    67 |    50 ||   117
Dodge: Dodged            |    91 |    71 ||   162
